Map: Dusk Towers

Players

Miszu - Winner!

  • Race: Terran Terran
  • League: Master

IIIIIIIIIIII

  • Race: Terran Terran
  • League: Diamond

VOD

Have the link to the VOD?

Description

Time

  • Played on: June 27, 2016, 2:44 p.m.
  • Length: 9:30
Show
View Real Time Build Order
Export as new Build Order

Miszu Terran - Winner!

Build Orders: MMM Bio 

Get SALT Encoding   

  12  0:02  SCV  
  14  0:14  SCV  
  14  0:18  Supply Depot  
  14  0:26  SCV  
  15  0:40  SCV  
  15  0:42  Barracks  
  16  0:45  Refinery  
  16  0:52  SCV  
  17  1:04  Barracks, SCV  
  18  1:16  SCV  
  19  1:22  Refinery  
  19  1:28  SCV  
  20  1:33  Reaper  
  21  1:44  Orbital Command  
  21  1:46  Supply Depot  
  21  1:51  Reaper  
  22  2:05  Reaper  
  23  2:11  SCV  
  24  2:23  Reaper, SCV  
  26  2:36  Command Center  
  26  2:40  SCV  
  28  2:45  Barracks  
  28  2:52  SCV  
  29  3:04  SCV  
  29  3:07  Barracks Tech Lab  
  29  3:09  Factory  
  29  3:11  Barracks Reactor  
  29  3:16  SCV  
  30  3:23  Engineering Bay  
  30  3:28  SCV  
  30  3:30  Stimpack  
  31  3:37  Supply Depot  
  31  3:47  Marine, SCV, Orbital Command  
  34  3:49  Marine x2  
  34  3:54  Starport  
  35  3:57  Factory Reactor  
  35  3:59  SCV  
  35  4:01  Terran Infantry Weapons Level 1  
  36  4:06  Marine  
  37  4:11  Marine x2, SCV  
  37  4:12  Marine  
  37  4:14  SCV  
  42  4:23  SCV  
  43  4:27  Supply Depot, SCV  
  44  4:36  SCV  
  45  4:39  SCV, Factory Tech Lab  
  45  4:40  Medivac x2  
  45  4:42  Marine  
  45  4:43  Marine x2  
  53  4:48  SCV  
  53  4:50  Supply Depot  
  53  4:51  Marine  
  55  4:54  SCV  
  56  5:00  SCV  
  56  5:05  Refinery  
  56  5:06  Siege Tank  
  60  5:10  Medivac  
  60  5:13  Supply Depot  
  62  5:16  Marine x2  
  62  5:17  Marine x2  
  62  5:19  SCV  
  67  5:21  SCV  
  68  5:31  SCV, Combat Shields  
  68  5:33  SCV  
  68  5:34  Marine x2  
  72  5:35  Supply Depot  
  72  5:40  Supply Depot  
  72  5:43  SCV  
  72  5:45  Siege Tank  
  66  6:11  Marine x2  
  66  6:12  Marine x2  
  65  6:29  Marine x4  
  64  6:37  SCV x2  
  66  6:40  Supply Depot  
  66  6:45  Siege Tank  
  66  6:47  Marine x4  
  69  6:49  SCV x2  
  73  7:04  Marine  
  73  7:05  Marine x3  
  74  7:15  Medivac x2  
  75  7:22  Marine  
  73  7:23  Marine x3, SCV x2  
  73  7:26  Supply Depot  
  79  7:33  Refinery  
  79  7:35  SCV x2  
  81  7:40  Marine  
  81  7:41  Marine x2, Reaper  
  85  7:45  Medivac  
  85  7:47  SCV x2  
  89  7:58  Marine x2, Reaper  
  92  8:11  Command Center  
  92  8:13  Marine, Siege Tank  
  92  8:18  SCV x2  
  98  8:26  Marine  
  98  8:28  Marine  
  98  8:30  Marine  
  98  8:31  Marine, SCV  
  98  8:32  Supply Depot  
  98  8:33  SCV  
  104  8:43  SCV  
  104  8:44  Marine  
  104  8:46  Marine, SCV  
  104  8:48  Marine x2  
  107  8:55  SCV  
  107  9:02  Marine  
  107  9:04  Marine  
Show
View Real Time Build Order
Export as new Build Order

IIIIIIIIIIII Terran 

Build Orders: Reaper Expand 

Get SALT Encoding   

  12  0:01  SCV  
  13  0:13  SCV  
  14  0:17  Supply Depot  
  14  0:25  SCV  
  15  0:39  SCV  
  15  0:40  Barracks  
  16  0:46  Refinery  
  16  0:51  SCV  
  17  1:03  SCV  
  18  1:15  SCV  
  19  1:27  Orbital Command  
  19  1:33  Reaper  
  20  1:50  Command Center  
  20  1:52  Supply Depot  
  20  2:03  Bunker  
  20  2:05  Marine  
  21  2:12  Factory  
  21  2:24  Bunker, Marine  
  22  2:34  SCV  
  23  2:42  Supply Depot, Marine  
  24  2:47  SCV  
  25  2:57  Hellion  
  27  2:59  SCV  
  28  3:07  Starport  
  28  3:09  Marine  
  29  3:13  SCV  
  29  3:17  Orbital Command  
  30  3:22  Factory Tech Lab  
  30  3:27  Marine  
  30  3:28  SCV  
  32  3:40  SCV  
  32  3:41  Refinery, Siege Tank  
  36  3:45  Marine  
  36  3:47  SCV  
  38  3:52  Refinery, SCV  
  39  3:59  SCV  
  39  4:01  Supply Depot  
  40  4:03  Barracks Reactor  
  40  4:05  SCV  
  41  4:12  SCV  
  42  4:18  SCV  
  42  4:24  Supply Depot, SCV  
  44  4:26  Medivac  
  44  4:30  SCV  
  48  4:38  SCV  
  48  4:39  Command Center  
  48  4:42  SCV  
  49  4:46  Siege Tank  
  52  4:53  SCV  
  52  4:56  Medivac  
  52  4:58  Supply Depot  
  55  5:01  Marine x2  
  57  5:09  SCV x2  
  57  5:13  Engineering Bay  
  59  5:19  Marine x2, Refinery  
  59  5:21  Siege Tank  
  64  5:26  Viking  
  66  5:30  SCV x2  
  68  5:37  Marine x2  
  68  5:41  Missile Turret  
  70  5:44  Missile Turret  
  70  5:49  SCV x2  
  72  5:51  Orbital Command  
  72  5:54  Marine x2  
  55  6:05  SCV  
  49  6:12  Viking, Marine x2  
  52  6:23  SCV  
  54  6:32  Orbital Command  
  46  6:33  Siege Tank  
  46  6:37  SCV  
  48  6:42  Viking  
  48  6:46  Marine x2  
  52  6:49  SCV  
  43  7:01  SCV  
  43  7:04  SCV  
  27  7:20  Orbital Command  
  27  7:26  Medivac  
  27  7:28  SCV  
  30  7:40  SCV  
  30  7:42  Command Center  
  31  7:46  SCV  
  31  7:50  Marine  
  33  7:51  Marine  
  33  7:53  SCV  
  33  7:58  SCV  
  36  8:02  Siege Tank  
  39  8:08  Marine, SCV  
  39  8:09  Marine  
  39  8:10  SCV  
  39  8:12  Viking  
  45  8:20  SCV  
  45  8:22  SCV  
  45  8:26  Marine  
  45  8:27  Marine  
  48  8:31  Supply Depot  
  48  8:33  SCV  
  50  8:34  Siege Tank, SCV  
  54  8:46  SCV x2  
Tags
 
Composition
MMM Bio
Matchup
TvT
Player
Miszu
Race
Terran
Add a new tag
Caveats
  • Supply blocks, unpowered buildings, or Contaminate may cause inaccurate times.
  • Supply counts are checked every 10 seconds.